 Dungeon Crawl Stone Soup version 0.30-a0-953-g5f1da4a474 (webtiles) character file.

Game seed: 5312362545498937317

17 BlueFish the Grasshopper (level 2, 0/19 HPs)
             Began as an Octopode Warper on Mar 28, 2023.
             Frozen to death by an endoplasm (3 damage)
             ... on level 1 of the Dungeon.
             The game lasted 00:00:48 (267 turns).

BlueFish the Grasshopper (Octopode Warper)           Turns: 267, Time: 00:00:49

Health: 0/19       AC:  1    Str: 10    XL:     2   Next: 62%
Magic:  5/5        EV: 13    Int: 15    God:
Gold:   36         SH:  0    Dex: 11    Spells: 5/5 levels left

rFire   . . .      SeeInvis .    f - +0 whip
rCold   . . .      Faith    .    (no shield)
rNeg    . . .      Spirit   .    (helmet restricted)
rPois   .          Reflect  .    (no amulet)
rElec   .          Rampage  .    (no ring)
rCorr   .                        (no ring)
Will    .....                    (no ring)
Stlth   +++                      (no ring)
HPRegen 0.23/turn                (no ring)
MPRegen 0.09/turn                (no ring)
                                 (no ring)
                                 (no ring)

@: no status effects
A: almost no armour, amphibious, 8 rings, camouflage 1, gelatinous body 1,
(nimble swimmer 1), tentacles
a: no special abilities


You were on level 1 of the Dungeon.
You visited 1 branch of the dungeon, and saw 1 of its levels.

You collected 36 gold pieces.

Inventory:

Hand Weapons
 c - a +0 club
 f - a +0 whip (weapon)
Missiles
 b - 7 boomerangs of dispersal (quivered)
 e - 12 stones
Scrolls
 a - 4 scrolls of blinking
 h - a scroll of teleportation {unknown}
Potions
 d - a potion of degeneration {unknown}
 g - a potion of cancellation {unknown}


   Skills:
 + Level 2.1 Fighting
 + Level 0.1 Maces & Flails
 + Level 1.1 Throwing
 + Level 2.5 Dodging
 * Level 1.8 Stealth
 - Level 2.1 Unarmed Combat
 + Level 2.0 Spellcasting
 + Level 3.0 Translocations


You had 5 spell levels left.
You didn't know any spells.
Your spell library contained the following spells:

 Spells                   Type           Power      Damage    Failure   Level
 Blink                    Tloc           20%        N/A       10%         2
 Lesser Beckoning         Tloc           20%        N/A       10%         2
 Teleport Other           Tloc           10%        N/A       19%         3
 Vhi's Electric Charge    Tloc/Air       12%        N/A       34%         3
 Manifold Assault         Tloc           10%        N/A       52%         4


Dungeon Overview and Level Annotations

Branches:
Dungeon (1/15)

Altars:


Innate Abilities, Weirdness & Mutations

You cannot wear most types of armour.
You are amphibious.
You can wear up to eight rings at the same time.
Your skin changes colour to match your surroundings (Stealth+).
Your rubbery body absorbs attacks. (AC +1, EV +1)
((You are camouflaged when in or above water. (Stealth+)))
You have tentacles for arms and can constrict up to eight enemies at once.


Message History

The frilled lizard is heavily wounded.
You constrict the frilled lizard.
You kill the frilled lizard!
You see here a frilled lizard corpse.
g - a fuming silvery potion
h - a scroll labelled GYNKAW BATHEV An endoplasm comes into view.
An endoplasm is nearby!
A hobgoblin comes into view.
The helpless endoplasm fails to defend itself.
You hit the endoplasm.
The endoplasm is moderately wounded.
The endoplasm barely misses you. The hobgoblin completely misses you.
You closely miss the hobgoblin. You grab the hobgoblin.
You constrict the hobgoblin. The endoplasm hits you.
The hobgoblin barely misses you.
You hit the endoplasm but do no damage.
The endoplasm is moderately wounded.
You constrict the hobgoblin. The endoplasm freezes you.
You are frozen.
The hobgoblin hits you. The endoplasm freezes you.
You are frozen.
The hobgoblin hits you.
You release your grip on the hobgoblin.
The hobgoblin hits you. The hobgoblin attacks as you move away!
The hobgoblin hits you.
* * * LOW HITPOINT WARNING * * *
The endoplasm attacks as you move away! The endoplasm closely misses you.
The hobgoblin attacks as you move away! The hobgoblin misses you.
You hit the endoplasm but do no damage.
The endoplasm is moderately wounded.
The endoplasm closely misses you.
You hit the endoplasm.
You tentacle-slap the endoplasm, but do no damage.
The endoplasm is heavily wounded.
The endoplasm closely misses you.
You hit the endoplasm.
The endoplasm is severely wounded.
The endoplasm freezes you.
You are frozen.
You die...

############ #..........##
#.#######...### #.# #.......##
. #@#####..8.8...###
...####J#...#.8.8.8....†
##.....g#.#.#..8_8..####
.#?#............8.8.8..... .
#..###........#....8.8..####
#.#......##########.......#...
.#.#.#.### ##.##.#.#.##
........## #.........#
#.#.##...# ######.#.#.#


You could see an endoplasm and a hobgoblin.

Vanquished Creatures
  A dart slug (D:1)
  2 goblins (D:1)
  3 hobgoblins (D:1)
  A quokka (D:1)
  3 ball pythons (D:1)
  A bat (D:1)
  A frilled lizard (D:1)
  3 kobolds (D:1)
  A rat (D:1)
16 creatures vanquished.

Notes
Turn   | Place    | Note
-------+----------+-------------------------------------------
     0 | D:1      | BlueFish the Octopode Warper began the quest for the Orb.
     0 | D:1      | Reached XP level 1. HP: 14/14 MP: 3/3
    35 | D:1      | Reached skill level 1 in Stealth
    39 | D:1      | Reached XP level 2. HP: 19/19 MP: 5/5
   209 | D:1      | Found a faded altar of an unknown god.
   267 | D:1      | Frozen to death by an endoplasm

Illustrated notes

Levels and vault maps discovered:
D:1:      lemuel_arrival_hallway, layout_basic,
          chequers_ecumenical_altar_simple_redux, serial_glass, glass_columns_a,
          glass_columns_b, feat_on_display, item_on_display_a,
          minmay_strange_pillars

Skill      XL: |  1 |
---------------+----+-----
Stealth        | 1 |  1.8
Fighting       | |  2.1
Maces & Flails | |  0.1
Throwing       | |  1.1
Dodging        | |  2.5
Unarmed Combat | |  2.1
Spellcasting   | |  2.0
Translocations | |  3.0

Action                     || total
---------------------------++-------
  Melee: Unarmed           ||    16
         Constrict         ||    10
         Tentacles         ||     5
         Whip              ||    13
         Club              ||     9
         Punch             ||     1
   Stab: Sleeping          ||     2
         Distracted        ||     1
 Armour: Skin              ||     1
  Dodge: Dodged            ||    25

Table legend: (Time is in decaauts)
 A = Elapsed time spent in this place.
 B = Non-inter-level travel time spent in this place.
 C = Inter-level travel time spent in this place.
 D = Time resting spent in this place.
 E = Time spent auto-exploring this place.
 F = Levels seen in this place.
 G = Mean time per level.
                   A        B        C        D        E       F      G
               +--------+--------+--------+--------+--------+-----+--------+
         Total |    269 |    269 |      0 |      2 |    166 |   1 |  269.0 |
       Dungeon |    269 |    269 |      0 |      2 |    166 |   1 |  269.0 |
               +--------+--------+--------+--------+--------+-----+--------+

Top non-repeatable levels by time:
     D:1: 269 daAuts
